 Dungeon Crawl Stone Soup version 0.21.1-1-g345015fe64 (webtiles) character file.

4830 RaHiT the Covert (level 10, -1/72 (73) HPs)
             Began as a Vampire Assassin on Feb 20, 2018.
             Was a Follower of Uskayaw.
             Killed from afar by a hell hound (19 damage)
             ... with a blast of flame
             ... on level 9 of the Dungeon.
             The game lasted 01:15:47 (11960 turns).

RaHiT the Covert (Vampire Assassin)                Turns: 11960, Time: 01:15:47

HP:   -1/72 (73)    AC:  9    Str: 18    XL:     10   Next: 25%
MP:   12/12         EV: 18    Int: 20    God:    Uskayaw [*.....]
Gold: 682           SH:  0    Dex: 27    Spells: 9/9 levels left

rFire    x . .     SeeInvis +   a - +7 dagger of Bodily Harmony {freeze, +Rage rF- Str+2}
rCold    + . .     Gourm    .   (no shield)
rNeg     + . .     Faith    .   u - +4 robe of Augmentation {Str+4 Int+4 Dex+4}
rPois    .         Spirit   .   q - +0 helmet
rElec    .         Reflect  .   d - +0 cloak
rCorr    .         Harm     .   c - +0 pair of gloves
MR       ++...                  (no boots)
Stlth    +++++.....             (no amulet)
HPRegen  0.22/turn              x - +4 ring of dexterity
MPRegen  0.13/turn              w - ring of protection from cold

@: no status effects
A: fangs 3, see invisible, agile 1, magic resistance 1, strong 1, unbreathing
a: Bat Form, Stomp, Renounce Religion, Evoke Berserk Rage


You were on level 9 of the Dungeon.
You worshipped Uskayaw.
Uskayaw was noncommittal.
You were not thirsty.

You visited 2 branches of the dungeon, and saw 10 of its levels.
You also visited: Sewer.

You collected 682 gold pieces.

Inventory:

Hand Weapons
 a - the +7 dagger of Bodily Harmony (weapon) {freeze, +Rage rF- Str+2}
   (You found it on level 8 of the Dungeon)

   It has been specially enchanted to freeze those struck by it, causing extra
   injury to most foes and up to half again as much damage against particularly
   susceptible opponents.
   It can also slow down cold-blooded creatures.
   It affects your strength (+2).
   It makes you vulnerable to fire.
   It lets you go berserk.
 b - a +0 blowgun
 y - a +1 dagger of protection
 G - a +2 dagger
 I - a +2 dagger of speed
Missiles
 f - 21 poisoned needles
 n - 3 needles of sleeping
 H - a throwing net (quivered)
Armour
 c - a +0 pair of gloves (worn)
 d - a +0 cloak (worn)
 m - a scarf of spirit shield
 q - a +0 helmet (worn)
 u - the +4 robe of Augmentation (worn) {Str+4 Int+4 Dex+4}
   (You found it on level 5 of the Dungeon)

   It affects your strength (+4).
   It affects your intelligence (+4).
   It affects your dexterity (+4).
 A - the +1 leather armour "Athifom" {rF+ MP+9}
   (You found it on level 7 of the Dungeon)

   It protects you from fire.
   It affects your magic capacity (+9).
Jewellery
 w - a ring of protection from cold (right hand)
 x - a +4 ring of dexterity (left hand)
Wands
 v - a wand of random effects (42)
 z - a wand of clouds (5)
 F - a wand of digging (9)
 J - a wand of polymorph (14)
Scrolls
 e - 2 scrolls of random uselessness {unknown}
 j - a scroll of fog {unknown}
 l - 3 scrolls of amnesia
 o - a scroll of enchant weapon
 p - 2 scrolls of remove curse
 s - 5 scrolls of teleportation
 B - a scroll of immolation {unknown}
 C - a scroll of enchant armour {unknown}
 E - a scroll of blinking {unknown}
 L - a scroll of identify
Potions
 g - 27 potions of blood
 h - a potion of curing
 i - 2 potions of agility
 k - 2 potions of resistance
 r - a potion of magic
 t - a potion of haste
 D - a potion of brilliance
 K - a potion of invisibility {unknown}


   Skills:
 * Level 4.9 Fighting
 + Level 7.7 Short Blades
 + Level 5.4 Throwing
 * Level 3.8 Armour
 - Level 6.0 Dodging
 + Level 11.2 Stealth
 * Level 2.6 Invocations
 * Level 3.1 Evocations


You had 9 spell levels left.
You didn't know any spells.

Dungeon Overview and Level Annotations

Branches:
Dungeon (9/15)             Temple (1/1) D:6            Lair (0/6) D:9
    Orc: D:9-12

Altars:
Ashenzari
Cheibriados
Dithmenos
Elyvilon
Fedhas
Gozag
Hepliaklqana
Kikubaaqudgha
Makhleb
Nemelex Xobeh
Okawaru
Qazlal
Ru
Sif Muna
Trog
Uskayaw
Vehumet
Wu Jian
Xom
Yredelemnul
Zin
The Shining One
Beogh


Innate Abilities, Weirdness & Mutations

You have razor-sharp teeth.
You have supernaturally acute eyesight. (SInv)
You can survive without breathing.
You are agile. (Dex +2)
You are resistant to hostile enchantments. (MR+)
Your muscles are strong. (Str +2)


Message History

The hell hound bites you but does no damage.
You barely miss the hell hound.
You bite the hell hound, but do no damage.
You hit the hell hound. You freeze the hell hound.
You bite the hell hound, but do no damage.
The hell hound is lightly wounded.
The hell hound bites you.
* * * LOW HITPOINT WARNING * * *
You puncture the hell hound! You freeze the hell hound.
The hell hound is heavily wounded.
The hell hound barely misses you.
You hit the hell hound but do no damage.
Your bite misses the hell hound.
The hell hound is heavily wounded.
The hell hound bites you but does no damage.
You closely miss the hell hound. Your bite misses the hell hound.
The hell hound is heavily wounded.
The hell hound breathes flames at you. The blast of flame hits you!
The fire burns you terribly!
You die...

########
.......#########
...............#
...............#######
.....................#
.....................###
........................
........................
............####@.......
.........####..h..######
.....<...#.....#..#
.........#÷....#..#
....§§§..#.....#..#
.§≈§§§)§.#..>..+...
.§§§§≈≈..#.....#...#
§≈≈..≈≈........#...#
§§§.>h≈≈.......#...#


You could see a hell hound.

Vanquished Creatures
  Pikel (D:5)
  Prince Ribbit (D:6)
  2 hippogriffs
  A hungry ghost (D:8)
  7 orc warriors
  Purgy (Sewer)
  An ice beast (D:8)
  A black bear (D:7)
  A sky beast (D:7)
  5 ogres
  A necrophage (D:5)
  A centaur (D:6)
  A big kobold (D:8)
  2 bullfrogs
  4 scorpions
  2 wights
  2 killer bees
  9 crimson imps
  A gnoll shaman (D:4)
  4 orc priests
  3 bullfrog skeletons
  10 orc wizards
  5 iguanas
  3 worker ants
  A howler monkey zombie (D:8)
  Robin (D:2)
  A howler monkey skeleton (D:4)
  12 gnolls
  12 adders
  3 shadow imps
  6 oozes
  2 adder skeletons
  An adder zombie (D:6)
  3 dart slugs
  A worm (D:2)
  9 leopard geckos
  49 orcs
  9 bats
  10 giant cockroaches
  14 goblins
  4 hobgoblins (D:2)
  5 jackals
  3 quokkas
  2 ball pythons (D:3)
  6 frilled lizards
  20 kobolds
  A quokka skeleton (D:5)
  2 quokka zombies
  7 rats
253 creatures vanquished.

Notes
Turn   | Place    | Note
-------+----------+-------------------------------------------
     0 | D:1      | RaHiT the Vampire Assassin began the quest for the Orb.
     0 | D:1      | Reached XP level 1. HP: 16/16 MP: 1/1
   107 | D:1      | Reached skill level 6 in Stealth
   182 | D:1      | Reached XP level 2. HP: 17/22 MP: 2/2
   604 | D:1      | Reached XP level 3. HP: 18/27 MP: 3/3
  1810 | D:2      | Found a blossoming altar of Fedhas.
  1923 | D:2      | Reached XP level 4. HP: 33/33 MP: 4/4
  2074 | D:2      | Noticed Robin
  2166 | D:2      | Killed Robin
  2825 | D:3      | Reached XP level 5. HP: 21/38 MP: 5/5
  3267 | D:3      | Reached skill level 7 in Stealth
  3353 | D:3      | Found an ornate altar of the Wu Jian Council.
  3353 | D:3      | Found a snail-covered altar of Cheibriados.
  4718 | D:4      | Noticed an ogre
  4740 | D:4      | Killed an ogre
  4740 | D:4      | Reached XP level 6. HP: 42/44 MP: 6/6
  5800 | D:3      | Reached skill level 8 in Stealth
  6209 | D:4      | Reached XP level 7. HP: 48/50 MP: 7/7
  6329 | D:5      | Entered Level 5 of the Dungeon
  6466 | D:5      | Found a glowing drain.
  6470 | Sewer    | Entered a sewer
  6515 | Sewer    | Noticed Purgy
  6544 | Sewer    | Killed Purgy
  6544 | Sewer    | Reached skill level 5 in Short Blades
  6704 | D:5      | Found a basalt altar of Yredelemnul.
  7126 | D:5      | Found a glowing golden altar of the Shining One.
  7234 | D:5      | Reached skill level 9 in Stealth
  7580 | D:5      | Found the +4 robe of Augmentation {Str+4 Int+4 Dex+4}
  7869 | D:5      | Noticed Pikel
  7871 | D:5      | Reached XP level 8. HP: 55/55 MP: 8/8
  7890 | D:5      | Killed Pikel
  7890 | D:5      | Reached skill level 5 in Dodging
  8169 | D:6      | Found a staircase to the Ecumenical Temple.
  8175 | Temple   | Entered the Ecumenical Temple
  8278 | Temple   | Became a worshipper of Uskayaw the Reveler
  8447 | D:6      | Reached * piety under Uskayaw
  8479 | D:6      | Reached ** piety under Uskayaw
  8486 | D:6      | Reached *** piety under Uskayaw
  8521 | D:6      | Reached skill level 10 in Stealth
  8521 | D:6      | Reached skill level 1 in Evocations
  8750 | D:6      | Noticed Prince Ribbit
  8753 | D:6      | Killed Prince Ribbit
  8753 | D:6      | Reached skill level 1 in Armour
  8753 | D:6      | Reached XP level 9. HP: 62/62 MP: 8/10
  8753 | D:6      | Reached **** piety under Uskayaw
  8804 | D:6      | Reached skill level 5 in Throwing
  9129 | D:7      | Gained mutation: Your body sometimes deteriorates upon taking damage. [potion of mutation]
  9129 | D:7      | Gained mutation: You are robust. (+10% HP) [potion of mutation]
  9129 | D:7      | Gained mutation: Your mind is acute. (Int +2) [potion of mutation]
  9129 | D:7      | Gained mutation: You have a pair of small horns on your head. [potion of mutation]
  9130 | D:7      | Lost mutation: You are robust. (+10% HP) [potion of mutation]
  9130 | D:7      | Lost mutation: You have a pair of small horns on your head. [potion of mutation]
  9130 | D:7      | Lost mutation: Your mind is acute. (Int +2) [potion of mutation]
  9130 | D:7      | Lost mutation: Your body sometimes deteriorates upon taking damage. [potion of mutation]
  9130 | D:7      | Gained mutation: You are agile. (Dex +2) [potion of mutation]
  9130 | D:7      | Gained mutation: Armour fits poorly on your strangely shaped body. [potion of mutation]
  9130 | D:7      | Gained mutation: You are covered in fur. (AC +1) [potion of mutation]
  9131 | D:7      | Lost mutation: You are agile. (Dex +2) [potion of mutation]
  9131 | D:7      | Lost mutation: Armour fits poorly on your strangely shaped body. [potion of mutation]
  9131 | D:7      | Lost mutation: You are covered in fur. (AC +1) [potion of mutation]
  9131 | D:7      | Gained mutation: You are agile. (Dex +2) [potion of mutation]
  9131 | D:7      | Gained mutation: Your muscles are strong. (Str +2) [potion of mutation]
  9131 | D:7      | Gained mutation: You are resistant to hostile enchantments. (MR+) [potion of mutation]
  9203 | D:7      | Reached skill level 1 in Invocations
  9451 | D:7      | Got a scorched leather armour
  9509 | D:7      | Identified the cursed +0 leather armour "Potioxt" {Int+2} (You found it on level 7 of the Dungeon)
  9529 | D:7      | Got a spiked leather armour
  9558 | D:7      | Found a shadowy altar of Dithmenos.
 10375 | D:8      | Found a hide-covered altar of Uskayaw.
 10463 | D:8      | Found a roughly hewn altar of Beogh.
 10487 | D:8      | Got a dazzling dagger
 10492 | D:7      | Identified the +7 dagger of Bodily Harmony {freeze, +Rage rF- Str+2} (You found it on level 8 of the Dungeon)
 10504 | D:7      | Identified the +1 leather armour "Athifom" {rF+ MP+9} (You found it on level 7 of the Dungeon)
 11133 | D:8      | Reached skill level 11 in Stealth
 11217 | D:8      | Reached XP level 10. HP: 72/72 MP: 12/12
 11887 | D:9      | Found a staircase to the Lair.
 11928 | D:9      | Noticed an apocalypse crab
 11928 | D:9      | a hell hound changed into an apocalypse crab
 11940 | D:9      | Noticed a hell hog
 11940 | D:9      | an apocalypse crab changed into a hell hog
 11948 | D:9      | Noticed a two-headed ogre
 11960 | D:9      | Killed from afar by a hell hound

Skill      XL: |  1  2  3  4  5  6  7  8  9 |
---------------+----------------------------+-----
Stealth        | 6 7 8 9 10 11 | 11.2
Fighting       | 2 3 4 |  4.9
Throwing       | 2 3 4 5 |  5.4
Dodging        | 2 3 4 6 |  6.0
Short Blades   | 3 4 5 6 7 |  7.7
Evocations     | 1 3 |  3.1
Armour         | 1 3 |  3.8
Invocations    | 2 |  2.6

Action                   |  1- 3 |  4- 6 |  7- 9 | 10-12 || total
-------------------------+-------+-------+-------+-------++-------
Melee: Dagger            |   102 |   236 |   399 |   109 ||   846
       Bite              |     6 |    26 |    59 |    17 ||   108
 Fire: Blowgun           |       |    50 |    71 |     4 ||   125
Throw: Stone             |     2 |       |       |       ||     2
Invok: Stomp             |       |       |       |     1 ||     1
 Abil: End Transformatio |     2 |     4 |    10 |       ||    16
       Bat Form          |     2 |     4 |    10 |       ||    16
       Evoke Berserk Rag |       |       |       |     2 ||     2
Evoke: Wand              |       |       |     4 |     5 ||     9
  Use: Potion            |     2 |    13 |    14 |    10 ||    39
       Scroll            |       |     5 |     8 |       ||    13
 Stab: Sleeping          |     6 |     8 |    35 |     4 ||    53
       Distracted        |       |     1 |     7 |     1 ||     9
       Paralysed         |       |       |     6 |     2 ||     8
       Confused          |       |       |     1 |       ||     1
Armor: Robe              |    16 |    29 |    63 |    15 ||   123
Dodge: Dodged            |    55 |   139 |   202 |    58 ||   454
